 Dungeon Crawl Stone Soup version 0.21.0-25-ge575cb9 (webtiles) character file.

1068 nikopol the Geomancer (level 8, -2/43 HPs)
             Began as a Gargoyle Earth Elementalist on Jan 24, 2018.
             Slain by Pikel
             ... wielding a +0 whip of freezing
              (5 damage)
             ... on level 6 of the Dungeon on Jan 25, 2018.
             The game lasted 00:20:48 (4306 turns).

nikopol the Geomancer (Gargoyle Earth Elementalist) Turns: 4306, Time: 00:20:49

Health: -2/43      AC:  4    Str: 11    XL:     8   Next: 28%
Magic:  1/15       EV: 12    Int: 19    God:
Gold:   222        SH:  0    Dex: 10    Spells: 4/17 levels left

rFire    . . .     SeeInvis .   o - +1 whip (distort)
rCold    . . .     Gourm    .   (no shield)
rNeg     + . .     Faith    .   c - +0 robe
rPois    ∞         Spirit   .   y - +0 helmet
rElec    +         Reflect  .   (no cloak)
rCorr    .         Harm     .   (no gloves)
MR       .....                  (no boots)
Stlth    ++........             (no amulet)
HPRegen  0.14/turn              (no ring)
MPRegen  0.14/turn              (no ring)

@: corroded
A: negative energy resistance 1, electricity resistance, unbreathing,
petrification resistance, rot immunity, AC +5
a: no special abilities


You were on level 6 of the Dungeon.
You were hungry.

You visited 1 branch of the dungeon, and saw 6 of its levels.

You collected 222 gold pieces.

Inventory:

Hand Weapons
 g - a +0 dagger
 i - a +0 mace
 o - a +1 whip of distortion (weapon)
Missiles
 x - 40 stones (quivered)
Armour
 c - a +0 robe (worn)
 y - a +0 helmet (worn)
Jewellery
 a - an uncursed ring of stealth {unknown}
 j - an uncursed ring of stealth {unknown}
Scrolls
 f - 4 scrolls of identify {unknown}
 h - 2 scrolls of immolation {unknown}
 k - 2 scrolls of remove curse {unknown}
 m - 4 scrolls of teleportation {unknown}
 p - a scroll of noise {unknown}
 r - 4 scrolls of fear {unknown}
 t - a scroll of enchant weapon {unknown}
 u - a scroll of random uselessness {unknown}
 v - a scroll of amnesia {unknown}
Potions
 b - 2 potions of lignification {unknown}
 l - 2 potions of haste {unknown}
 n - 2 potions of flight {unknown}
 q - 6 potions of curing {unknown}
 s - a potion of heal wounds {unknown}
Books
 e - a book of Geomancy

   Spells                             Type                      Level
   a - Sandblast                      Earth                        1
   b - Passwall                       Transmutation/Earth          2
   c - Stone Arrow                    Conjuration/Earth            3
   d - Petrify                        Transmutation/Earth          4
   e - Lee's Rapid Deconstruction     Earth                        5
 w - a book of Frost

   Spells                             Type                      Level
   a - Freeze                         Ice                          1
   b - Throw Frost                    Conjuration/Ice              2
   c - Ozocubu's Armour               Charms/Ice                   3
   d - Throw Icicle                   Conjuration/Ice              4
   e - Summon Ice Beast               Ice/Summoning                4
Comestibles
 d - 9 rations


   Skills:
 + Level 1.5 Fighting
 + Level 2.2 Maces & Flails
 + Level 2.3 Dodging
 + Level 3.1 Stealth
 + Level 5.2 Spellcasting
 + Level 2.2 Conjurations
 + Level 0.7 Transmutations
 + Level 8.0 Earth Magic


You had 4 spell levels left.
You knew the following spells:

 Your Spells              Type           Power        Failure   Level  Hunger
a - Sandblast             Erth           #####.       1%          1    None
b - Stone Arrow           Conj/Erth      ###...       4%          3    ##.....
c - Petrify               Tmut/Erth      ###.....     21%         4    ####...
d - Lee's Rapid Deconstr  Erth           #####.....   12%         5    ######.


Dungeon Overview and Level Annotations

Branches:
Dungeon (6/15)
 Temple: D:4-7

Altars:
Fedhas
Gozag
Nemelex Xobeh

Shops:
D:6 *

Annotations:
D:6 Pikel


Innate Abilities, Weirdness & Mutations

You are resistant to torment.
Your stone body is resilient. (AC +5)
You are immune to poison.
You resist negative energy. (rN+)
You are resistant to electric shocks. (rElec)
You can survive without breathing.
You are immune to petrification.
You are immune to rotting.


Message History

Pikel is lightly wounded.
Pikel blinks!
Casting: Sandblast
Confirm with . or Enter, or press ? or * to list all spells.
You don't have enough magic to cast that spell.
Pikel says, "You will build my throne, and die beneath it!"
Pikel zaps a wand.
The bolt of acid hits you! The acid corrodes you!
You are splashed with acid!
The acid burns!
* * * LOW HITPOINT WARNING * * *
It is a wand of acid (8).
You see here a ring mail.
Pikel says, "You'll fetch a fair price!"
There is an open door here.
Casting: Sandblast
Confirm with . or Enter, or press ? or * to list all spells.
You don't have enough magic to cast that spell.
Unknown command.
Pikel says, "I'm sure they'll be treated well, anyway."
Pikel hits you with a whip of freezing.
You die...

#........ .. #p.....# #.# .#
#[# ######.## #.# ##'##
#.......## #.# ##...##
#........## #.# ##....p##
#(........## #.) ##.......##
#..........# #.#
#........[###.........#####<.
+........ZpK@..............[.
#.........###.......#######..
##.......## #)#.##.## #.#
##.....## #.###### #.#
##...## #.# #.# ##+## #.# #..
#.# ### ..# # ###


You could see Pikel, a slave and a worker ant zombie.

Vanquished Creatures
  An ice beast (D:6)
  2 slaves (D:6)
  3 ogres
  A centaur (D:5)
  A scorpion (D:5)
  2 howler monkeys
  A crimson imp (D:6)
  A hound (D:5)
  2 orc priests (D:3)
  4 orc wizards
  3 worker ants
  6 adders
  2 oozes (D:1)
  An adder skeleton (D:5)
  2 worms
  3 leopard geckos
  25 orcs
  4 giant cockroaches
  11 goblins
  10 hobgoblins
  11 jackals
  6 kobolds
  5 quokkas
  4 ball pythons
  10 bats
  A frilled lizard (D:2)
  2 rats
124 creatures vanquished.

Notes
Turn   | Place    | Note
-------+----------+-------------------------------------------
     0 | D:1      | nikopol the Gargoyle Earth Elementalist began the quest for the Orb.
     0 | D:1      | Reached XP level 1. HP: 10/10 MP: 3/3
    80 | D:1      | Reached XP level 2. HP: 15/15 MP: 0/5
   146 | D:1      | Reached skill level 4 in Earth Magic
   339 | D:1      | Reached XP level 3. HP: 19/19 MP: 0/6
   957 | D:2      | Reached skill level 1 in Fighting
   957 | D:2      | Reached XP level 4. HP: 20/25 MP: 0/8
  1082 | D:2      | Learned a level 3 spell: Stone Arrow
  1776 | D:3      | Reached XP level 5. HP: 29/29 MP: 1/9
  1939 | D:3      | Reached skill level 5 in Earth Magic
  2290 | D:3      | HP: 1/29 [jackal (3)]
  2295 | D:3      | Reached XP level 6. HP: 1/34 MP: 0/11
  2594 | D:3      | Learned a level 4 spell: Petrify
  2842 | D:4      | Reached skill level 6 in Earth Magic
  3192 | D:4      | Reached XP level 7. HP: 38/38 MP: 5/13
  3343 | D:5      | Entered Level 5 of the Dungeon
  3362 | D:5      | Found a sparkling altar of Nemelex Xobeh.
  3515 | D:5      | Reached skill level 1 in Conjurations
  3533 | D:5      | Reached skill level 7 in Earth Magic
  3747 | D:5      | Reached skill level 1 in Maces & Flails
  3787 | D:5      | Found a blossoming altar of Fedhas.
  4069 | D:5      | Learned a level 5 spell: Lee's Rapid Deconstruction
  4159 | D:6      | Reached skill level 5 in Spellcasting
  4159 | D:6      | Reached XP level 8. HP: 43/43 MP: 7/15
  4212 | D:6      | Found an opulent altar of Gozag.
  4216 | D:6      | Found Gozag's Platinum Reserve.
  4277 | D:6      | Reached skill level 8 in Earth Magic
  4284 | D:6      | Noticed Pikel
  4300 | D:6      | HP: 2/43 [acid (13)]
  4306 | D:6      | Slain by Pikel

Skill      XL: |  1  2  3  4  5  6  7  8 |
---------------+-------------------------+-----
Earth Magic    | 4 5 6 7 8 |  8.0
Dodging        | 2 |  2.3
Fighting       | 1 |  1.5
Spellcasting   | 3 4 5 |  5.2
Conjurations   | 2 |  2.2
Maces & Flails | 1 2 |  2.2
Stealth        | 3 |  3.1
Transmutations | |  0.7

Action                   |  1- 3 |  4- 6 |  7- 9 || total
-------------------------+-------+-------+-------++-------
Melee: Dagger            |     6 |       |       ||     6
       Mace              |    16 |       |       ||    16
       Whip              |       |    12 |    40 ||    52
 Cast: Sandblast         |    53 |    65 |    23 ||   141
       Stone Arrow       |       |     7 |    27 ||    34
  Eat: Chunk             |     1 |     7 |     5 ||    13
Armor: Robe              |    27 |    16 |    17 ||    60
Dodge: Dodged            |    59 |    30 |    23 ||   112
